 Dungeon Crawl Stone Soup version 0.29.1-15-g9cfb28693d (webtiles) character file.

Game seed: 17281427805645770240

3697 zeram the Blocker (level 10, -2/76 (82) HPs)
             Began as a Gnoll Fighter on Apr 25, 2023.
             Was an Initiate of Gozag.
             Slain by a wight
             ... wielding a +4 trident
              (6 damage)
             ... on level 7 of the Dungeon.
             The game lasted 00:10:45 (7822 turns).

zeram the Blocker (Gnoll Fighter)                   Turns: 7822, Time: 00:10:46

HP:   -2/76 (82)    AC: 13    Str: 20    XL:     10   Next: 13%
MP:   17/17         EV:  7    Int:  8    God:    Gozag
Gold: 880           SH:  6    Dex: 11    Spells: 19/19 levels left

rFire   . . .      SeeInvis .   g - +0 demon whip (spect)
rCold   . . .      Faith    .   c - +0 buckler
rNeg    . . .      Spirit   .   k - +0 plate armour
rPois   .          Reflect  .   (no helmet)
rElec   .          Harm     .   (no cloak)
rCorr   .          Rampage  .   (no gloves)
Will    +....                   (no boots)
Stlth   ..........              (no amulet)
HPRegen 0.22/turn               r - ring of willpower
MPRegen 0.15/turn               (no ring)

@: mighty, gold aura, drained
A: fangs 1, strong nose, distributed training
a: Renounce Religion, Potion Petition, Call Merchant, Bribe Branch


You were on level 7 of the Dungeon.
You worshipped Gozag.
Gozag was pleased with you.
You visited 2 branches of the dungeon, and saw 8 of its levels.

You collected 940 gold pieces.
You paid 60 gold pieces to Gozag.

Inventory:

Hand Weapons
 a - a +0 war axe
 g - a +0 spectral demon whip (weapon)
Armour
 b - a +0 scale mail
 c - a +0 buckler (worn)
 k - a +0 plate armour (worn)
Jewellery
 r - a ring of willpower (left hand)
Wands
 p - a wand of roots (14)
Scrolls
 f - 3 scrolls of magic mapping
 s - a scroll of poison {unknown}
 u - a scroll of fog
Potions
 d - a potion of might
 e - a potion of magic
 h - 2 potions of cancellation
 i - 3 potions of degeneration
 j - 2 potions of flight {unknown}
 l - a potion of invisibility {unknown}
 m - a potion of heal wounds {unknown}
 n - 2 potions of lignification
 o - a potion of berserk rage {unknown}
 q - a potion of mutation {unknown}
 t - a potion of ambrosia {unknown}


   Skills:
 + Level 8.4 Fighting
 + Level 5.2 Short Blades
 + Level 5.2 Long Blades
 + Level 7.0 Axes
 + Level 5.2 Maces & Flails
 + Level 5.2 Polearms
 + Level 5.2 Staves
 + Level 5.2 Ranged Weapons
 + Level 5.2 Throwing
 + Level 8.4 Armour
 + Level 5.2 Dodging
 + Level 5.2 Stealth
 + Level 8.4 Shields
 + Level 5.2 Unarmed Combat
 + Level 5.2 Spellcasting
 + Level 4.2 Conjurations
 + Level 4.2 Hexes
 + Level 4.2 Summonings
 + Level 4.2 Necromancy
 + Level 4.2 Translocations
 + Level 4.2 Transmutations
 + Level 4.2 Fire Magic
 + Level 4.2 Ice Magic
 + Level 4.2 Air Magic
 + Level 4.2 Earth Magic
 + Level 4.2 Poison Magic
 + Level 5.7 Invocations
 + Level 5.2 Evocations


You had 19 spell levels left.
You didn't know any spells.
Your spell library contained the following spells:

 Spells                   Type           Power      Damage    Failure   Level
 Apportation              Tloc           16%        N/A       71%         1
 Foxfire                  Conj/Fire      32%        2x1d5     71%         1
 Necrotise                Necr           32%        1d5       71%         1
 Summon Small Mammal      Summ           32%        N/A       71%         1
 Call Canine Familiar     Summ           8%         N/A       97%         3
 Conjure Flame            Conj/Fire      8%         6-21      97%         3
 Gell's Gravitas          Tloc           8%         N/A       97%         3
 Inner Flame              Hex/Fire       8%         N/A       97%         3
 Lesser Beckoning         Tloc           8%         N/A       97%         3
 Summon Guardian Golem    Hex/Summ       8%         N/A       97%         3
 Teleport Other           Tloc           8%         N/A       97%         3
 Vampiric Draining        Necr           8%         2d6       97%         3
 Flame Wave               Conj/Fire      8%         2d5       100%        4
 Agony                    Necr           8%         N/A       100%        5
 Alistair's Intoxication  Tmut/Pois      5%         N/A       100%        5
 Summon Forest            Summ/Tloc      4%         N/A       100%        5
 Eringya's Noxious Bog    Tmut/Pois      4%         N/A       100%        6
 Summon Hydra             Summ           4%         N/A       100%        7


Dungeon Overview and Level Annotations

Branches:
Dungeon (7/15)             Temple (1/1) D:4

Altars:
Ashenzari
Cheibriados
Elyvilon
Gozag
Hepliaklqana
Kikubaaqudgha
Makhleb
Nemelex Xobeh
Okawaru
Qazlal
Ru
Sif Muna
Trog
Uskayaw
Vehumet
Wu Jian
The Shining One

Shops:
D:4 *

Annotations:
D:7 1 runed translucent door, Crazy Yiuf


Innate Abilities, Weirdness & Mutations

You have very sharp teeth.
Your uncanny sense of smell can sniff out nearby items.
Your experience applies equally to all skills.


Message History

* * * LOW HITPOINT WARNING * * *
Okay, then.
You whack the orc priest!
The orc priest is severely wounded.
The orc priest miscasts a cantrip.
The wight hits you from afar with a +4 trident.
* * * LOW HITPOINT WARNING * * *
You feel drained.
* * * LOW HITPOINT WARNING * * *
Okay, then.
The orc priest attacks as you move away!
The orc priest hits you but does no damage.
Things that are here:
5 gold pieces; a +0 mace You whack the orc priest!
You kill the orc priest!
A killer bee comes into view.
The killer bee buzzes angrily.
You whack the killer bee!
The killer bee is heavily wounded.
The killer bee barely misses you. The wight barely misses you.
The killer bee stings you but does no damage.
You closely miss the killer bee.
The killer bee is heavily wounded.
The killer bee stings you but does no damage.
You block the wight's attack. The killer bee stings you.
* * * LOW HITPOINT WARNING * * *
You miss the killer bee.
The killer bee is heavily wounded.
The killer bee stings you but does no damage.
The wight barely misses you.
The killer bee stings you but does no damage.
You barely miss the killer bee. You bite the killer bee.
The killer bee is almost dead.
You block the killer bee's attack. The wight hits you but does no damage.
You whack the killer bee!
You kill the killer bee!
The wight hits you from afar with a +4 trident.
You die...
Your body crumbles into a pile of gold.

#.## ####.#.#######
#.# ...# #.#.# #.#
#.## #.#.# #.# .(.#
#>#.# #.#### #.##
#.#.# #..... ..)#
#.#.# #####. #.##
##.#.# #. ..#
#..#.##############
#. ###
#.##....$@.z....$$#
#. #
##.###############$#
#. #######.[.#####
#$# #.
...............#
#..# #.
.######...####.#
...# #. .#######.##
8...# #. .........#
.8..^# #. .#########
#....## ###. ##
##.### #...


You could see a wight.

Vanquished Creatures
  Pikel (D:7)
  The ghost of Taurus the Cleaver, a novice MiFi (D:6)
  Sigmund (D:6)
  A steam dragon (D:7)
  A hornet zombie (D:7)
  A sky beast (D:7)
  2 orc warriors
  2 ice beasts
  5 black bears
  3 lemures (D:7)
  An ogre (D:7)
  A centaur (D:7)
  A kobold brigand (D:6)
  Blork the orc (D:4)
  A bullfrog (D:7)
  A necrophage (D:5)
  A scorpion (D:4)
  2 wights (D:7)
  3 killer bees (D:7)
  A bullfrog zombie (D:7)
  2 hounds (D:5)
  A jelly (D:5)
  5 orc priests
  A gnoll bouda (D:5)
  4 iguanas
  4 orc wizards
  2 howler monkey zombies (D:7)
  13 gnolls
  11 adders
  A shadow imp (D:7)
  2 worms (D:2)
  3 dart slugs
  16 orcs
  8 endoplasms
  5 giant cockroaches (D:4)
  9 goblins
  5 hobgoblins
  2 quokkas (D:1)
  3 ball pythons
  4 bats
  4 frilled lizards
  14 kobolds
  2 rats (D:1)
  A spectral kobold (D:6)
153 creatures vanquished.

Vanquished Creatures (others)
  A plant (D:1)
  6 withered plants
7 creatures vanquished.

Grand Total: 160 creatures vanquished

Notes
Turn   | Place    | Note
-------+----------+-------------------------------------------
     0 | D:1      | zeram the Gnoll Fighter began the quest for the Orb.
     0 | D:1      | Reached XP level 1. HP: 23/23 MP: 1/1
   132 | D:1      | Reached XP level 2. HP: 29/29 MP: 2/2
  1113 | D:2      | Reached XP level 3. HP: 32/35 MP: 3/3
  1338 | D:2      | Reached skill level 1 in Invocations
  1342 | D:2      | Found a faded altar of an unknown god.
  1386 | D:2      | Reached skill level 1 in Short Blades
  1386 | D:2      | Reached skill level 1 in Long Blades
  1386 | D:2      | Reached skill level 1 in Maces & Flails
  1386 | D:2      | Reached skill level 1 in Polearms
  1386 | D:2      | Reached skill level 1 in Staves
  1386 | D:2      | Reached skill level 1 in Ranged Weapons
  1386 | D:2      | Reached skill level 1 in Throwing
  1386 | D:2      | Reached skill level 1 in Dodging
  1386 | D:2      | Reached skill level 1 in Stealth
  1386 | D:2      | Reached skill level 1 in Unarmed Combat
  1386 | D:2      | Reached skill level 1 in Spellcasting
  1386 | D:2      | Reached skill level 1 in Evocations
  1501 | D:2      | Reached XP level 4. HP: 41/41 MP: 5/5
  1804 | D:2      | Identified a scroll of acquirement
  1804 | D:2      | Acquired a +0 demon whip of venom
  1859 | D:3      | Found an ancient bone altar of Kikubaaqudgha.
  2013 | D:3      | Found a bloodstained altar of Trog.
  2043 | D:3      | Identified the +1 ring mail of the Everdark {rN+}
  2090 | D:3      | Reached skill level 1 in Conjurations
  2090 | D:3      | Reached skill level 1 in Hexes
  2090 | D:3      | Reached skill level 1 in Summonings
  2090 | D:3      | Reached skill level 1 in Necromancy
  2090 | D:3      | Reached skill level 1 in Translocations
  2090 | D:3      | Reached skill level 1 in Transmutations
  2090 | D:3      | Reached skill level 1 in Fire Magic
  2090 | D:3      | Reached skill level 1 in Ice Magic
  2090 | D:3      | Reached skill level 1 in Air Magic
  2090 | D:3      | Reached skill level 1 in Earth Magic
  2090 | D:3      | Reached skill level 1 in Poison Magic
  2766 | D:4      | Noticed a scorpion
  2771 | D:4      | Killed a scorpion
  2772 | D:4      | Reached XP level 5. HP: 47/47 MP: 5/7
  2799 | D:4      | Found a staircase to the Ecumenical Temple.
  2821 | Temple   | Entered the Ecumenical Temple
  3026 | Temple   | Became a worshipper of Gozag Ym Sagoz the Greedy
  3074 | D:4      | Reached XP level 6. HP: 48/53 MP: 8/8
  3275 | D:4      | Found a sparkling altar of Nemelex Xobeh.
  3327 | D:4      | Reached skill level 5 in Axes
  3350 | D:4      | Identified the +7 rapier "Pivien" {speed, rPois rF+}
  3418 | D:4      | Found Nypeosmu's Needful Niceties.
  3435 | D:4      | Noticed Blork the orc
  3442 | D:4      | Killed Blork the orc
  3542 | D:4      | Found a white marble altar of Elyvilon.
  3753 | D:5      | Entered Level 5 of the Dungeon
  3803 | D:5      | Reached XP level 7. HP: 7/60 MP: 10/10
  4257 | D:5      | Reached XP level 8. HP: 67/67 MP: 12/12
  4403 | D:5      | Found a sacrificial altar of Ru.
  4856 | D:5      | Found a glowing golden altar of the Shining One.
  5863 | D:6      | Found a hazy altar of Hepliaklqana.
  5899 | D:6      | Found a runed translucent door.
  5901 | D:6      | Noticed Taurus's ghost (novice MiFi)
  6009 | D:6      | Noticed Sigmund
  6017 | D:6      | Killed Sigmund
  6539 | D:6      | Killed Taurus's ghost
  6540 | D:6      | Reached XP level 9. HP: 57/74 MP: 13/15
  6929 | D:7      | Reached skill level 5 in Invocations
  7023 | D:7      | Noticed Pikel
  7441 | D:7      | Killed Pikel
  7442 | D:7      | Reached skill level 5 in Short Blades
  7442 | D:7      | Reached skill level 5 in Long Blades
  7442 | D:7      | Reached skill level 5 in Maces & Flails
  7442 | D:7      | Reached skill level 5 in Polearms
  7442 | D:7      | Reached skill level 5 in Staves
  7442 | D:7      | Reached skill level 5 in Ranged Weapons
  7442 | D:7      | Reached skill level 5 in Throwing
  7442 | D:7      | Reached skill level 5 in Dodging
  7442 | D:7      | Reached skill level 5 in Stealth
  7442 | D:7      | Reached skill level 5 in Unarmed Combat
  7442 | D:7      | Reached skill level 5 in Spellcasting
  7442 | D:7      | Reached skill level 5 in Evocations
  7442 | D:7      | Reached XP level 10. HP: 57/81 MP: 17/17
  7707 | D:7      | Found a runed translucent door.
  7708 | D:7      | Noticed Crazy Yiuf
  7822 | D:7      | Slain by a wight

Illustrated notes

Levels and vault maps discovered:
D:1:      amcnicky_arrival_flooded_fountain, layout_loops_ring, serial_forest,
          infiniplex_forest_straight_4, infiniplex_forest_split,
          infiniplex_forest_clump_double, infiniplex_forest_lined_corner,
          infiniplex_forest_end_1, infiniplex_forest_corner_1
D:2:      layout_loops_ring, chequers_ecumenical_altar_island,
          kennysheep_generic_room_10
D:3:      layout_basic, mainiacjoe_overflow_cross_hatched,
          general_overflow_altar, minmay_quadrilaterals
D:4:      layout_basic, elyvilon_altar_5, nemelex_xobeh_ov_fountains_minmay,
          minmay_temple_entry_mini_moons, minmay_misc_feat_nine_boxes,
          kennysheep_donut, nicolae_alphabet_shops, uniq_blork_the_orc
D:5:      layout_loops_cross, nicolae_ru_awakened_eye,
          nicolae_tso_swordbearing_angel, minmay_between
D:6:      layout_loops_corners, nicolae_hepliaklqana_monster_ancestors,
          gammafunk_ghost_grave, uniq_sigmund
D:7:      layout_loops_ring, serial_undead, serial_undead_e, serial_undead_a,
          serial_undead_d, serial_undead_f, st_stairs_8,
          uniq_crazy_yiuf_cottage, uniq_pikel
Temple:   nicolae_temple_bog_church

Skill      XL: |  1  2  3  4  5  6  7  8  9 10 |
---------------+-------------------------------+-----
Invocations    | 1 2 3 4 5 |  5.7
Short Blades   | 1 2 3 4 5 |  5.2
Long Blades    | 1 2 3 4 5 |  5.2
Maces & Flails | 1 2 3 4 5 |  5.2
Polearms       | 1 2 3 4 5 |  5.2
Staves         | 1 2 3 4 5 |  5.2
Ranged Weapons | 1 2 3 4 5 |  5.2
Throwing       | 1 2 3 4 5 |  5.2
Dodging        | 1 2 3 4 5 |  5.2
Stealth        | 1 2 3 4 5 |  5.2
Unarmed Combat | 1 2 3 4 5 |  5.2
Spellcasting   | 1 2 3 4 5 |  5.2
Evocations     | 1 2 3 4 5 |  5.2
Conjurations   | 1 2 3 4 |  4.2
Hexes          | 1 2 3 4 |  4.2
Summonings     | 1 2 3 4 |  4.2
Necromancy     | 1 2 3 4 |  4.2
Translocations | 1 2 3 4 |  4.2
Transmutations | 1 2 3 4 |  4.2
Fire Magic     | 1 2 3 4 |  4.2
Ice Magic      | 1 2 3 4 |  4.2
Air Magic      | 1 2 3 4 |  4.2
Earth Magic    | 1 2 3 4 |  4.2
Poison Magic   | 1 2 3 4 |  4.2
Axes           | 5 6 7 |  7.0
Fighting       | 7 8 |  8.4
Armour         | 7 8 |  8.4
Shields        | 7 8 |  8.4

Action                   |  1- 3 |  4- 6 |  7- 9 | 10-12 || total
-------------------------+-------+-------+-------+-------++-------
Melee: War axe           |    94 |     9 |       |       ||   103
       Bite              |     9 |    14 |    23 |     7 ||    53
       Demon whip        |       |   104 |   207 |    36 ||   347
  Use: Scroll            |     3 |     5 |     4 |       ||    12
       Potion            |       |       |     2 |     1 ||     3
 Stab: Distracted        |       |       |     2 |       ||     2
Armor: Scale mail        |    41 |    14 |       |       ||    55
       Plate armour      |       |    39 |   111 |    27 ||   177
Dodge: Dodged            |    33 |    42 |    51 |    11 ||   137
Block: Buckler           |    22 |    22 |    43 |     9 ||    96
